 Dungeon Crawl Stone Soup version 0.29-a0-323-g050149af67 (webtiles) character file.

Game seed: 14346550556007899846

135 greenreed the Insei (level 5, 0/40 HPs)
             Began as a Gnoll Transmuter on Apr 10, 2022.
             Killed by nerve-wracking pain
             ... invoked by an orc priest
              (12 damage)
             ... on level 3 of the Dungeon.
             The game lasted 00:05:34 (2035 turns).

greenreed the Insei (Gnoll Transmuter)              Turns: 2035, Time: 00:05:35

Health: 0/40       AC:  2    Str: 10    XL:     5   Next: 18%
Magic:  12/12      EV: 13    Int: 14    God:
Gold:   130        SH:  0    Dex: 12    Spells: 13/14 levels left

rFire   . . .      SeeInvis .   n - +1 hunting sling (vorpal)
rCold   . . .      Faith    .   (no shield)
rNeg    . . .      Spirit   .   a - +0 robe
rPois   .          Reflect  .   (helmet currently unavailable)
rElec   .          Harm     .   (no cloak)
rCorr   .          Rampage  .   (no gloves)
Will    .....                   (boots currently unavailable)
Stlth   ++........              (no amulet)
HPRegen 0.13/turn               (no ring)
MPRegen 0.13/turn               (no ring)

@: appendages
A: horns 2, talons 2, fangs 1, strong nose, distributed training
a: End Transformation


You were on level 3 of the Dungeon.
You had temporarily grown beastly horns and talons.
You visited 1 branch of the dungeon, and saw 3 of its levels.

You collected 130 gold pieces.

Inventory:

Hand Weapons
 e - a +2 falchion of draining
 g - a +0 longbow
 j - a +1 dagger of holy wrath
 n - a +1 vorpal hunting sling (weapon)
Missiles
 d - 6 poisoned darts
Armour
 a - a +0 robe (worn)
 f - a +1 ring mail of willpower
 m - a +0 helmet
Scrolls
 c - 4 scrolls of teleportation {unknown}
 h - 2 scrolls of enchant armour {unknown}
 k - 4 scrolls of identify {unknown}
 o - a scroll of fear {unknown}
Potions
 b - a potion of lignification
 i - 2 potions of heal wounds {unknown}
 l - a potion of degeneration {unknown}


   Skills:
 + Level 2.9 Fighting
 + Level 1.4 Short Blades
 + Level 1.4 Long Blades
 + Level 1.4 Axes
 + Level 1.4 Maces & Flails
 + Level 1.4 Polearms
 + Level 1.4 Staves
 + Level 1.4 Slings
 + Level 1.4 Bows
 + Level 1.4 Crossbows
 + Level 1.4 Throwing
 + Level 1.4 Armour
 + Level 4.7 Dodging
 + Level 1.4 Stealth
 + Level 1.4 Shields
 + Level 6.6 Unarmed Combat
 + Level 5.1 Spellcasting
 + Level 1.1 Conjurations
 + Level 1.1 Hexes
 + Level 1.1 Summonings
 + Level 1.1 Necromancy
 + Level 1.1 Translocations
 + Level 3.9 Transmutations
 + Level 1.1 Fire Magic
 + Level 1.1 Ice Magic
 + Level 1.1 Air Magic
 + Level 1.1 Earth Magic
 + Level 1.1 Poison Magic
 + Level 1.5 Invocations
 + Level 1.4 Evocations


You had 13 spell levels left.
You knew the following spells:

 Your Spells              Type           Power      Damage    Failure   Level
a - Beastly Appendage     Tmut           28%        N/A       3%          1

Your spell library contained the following spells:

 Spells                   Type           Power      Damage    Failure   Level
 Wereblood                Tmut           14%        N/A       4%          2
 Spider Form              Tmut/Pois      10%        N/A       19%         3
 Ice Form                 Ice/Tmut       10%        N/A       52%         4


Dungeon Overview and Level Annotations

Branches:
Dungeon (3/15)

Altars:

Shops:
D:1 !   D:2 [


Innate Abilities, Weirdness & Mutations

You have temporarily grown beastly horns and talons.
You have very sharp teeth.
Your uncanny sense of smell can sniff out nearby items.
Your experience applies equally to all skills.


Message History

The orc barely misses you.
You completely miss the orc.
The orc is lightly wounded.
An orc comes into view. It is wielding a +0 whip.
The orc barely misses you.
You barely miss the orc.
The orc shouts!
You headbutt the orc.
The orc is almost dead.
An orc comes into view. It is wielding a +0 mace.
The orc closely misses you.
The orc shouts!
You hit the orc but do no damage. You claw the orc.
You kill the orc!
Okay, then.
Your +1 dagger of holy wrath stops glowing.
n - a +1 vorpal hunting sling (weapon)
An orc comes into view.
It is wielding a +0 hand axe and quivering silver boomerangs.
An orc priest comes into view. It is wielding a +0 hand axe.
Fire: n) +1 hunting sling (vorpal)
Press: ? - help, Q - select action, (/) - cycle Shift-Dir - straight line, f - orc
Aim: an orc, wielding a +0 mace (56% to hit)
You shoot a sling bullet.
The sling bullet closely misses the orc.
The sling bullet barely misses the orc.
The sling bullet barely misses the orc priest.
The orc shouts!
The orc priest shouts!
The orc throws a silver boomerang.
The silver boomerang misses you.
Things that are here:
a +0 short sword; a +0 chain mail A bat comes into view.
A rat comes into view.
The orc priest invokes the aid of Beogh against you.
Beogh smites you!
The bat moves out of view.
You see here a +0 helmet.
The orc priest attacks as you move away!
The orc priest hits you with a +0 hand axe.
* * * LOW HITPOINT WARNING * * *
The orc priest invokes the aid of Beogh against you.
Pain shoots through your body!
You die...

#.# ......#
###)######......#
#..)[).o........#
#.#.#####.......#
####.#o#####.#######
...............#
###.###....o#..##
######.#...#
........@.#.### ∆
######....#).<##
#.....†...# ∆
#..)##..#.#
#...##..#.# .
#...##....# .##
.....####.## #+#..
....###
#..#####.#.## #....
##..........


You could see an orc priest and an orc.

Vanquished Creatures
  Natasha (thrice) (D:2)
  An adder (D:2)
  A worm (D:2)
  3 dart slugs
  7 orcs (D:3)
  4 ball pythons
  An endoplasm (D:2)
  3 giant cockroaches
  4 goblins
  2 hobgoblins (D:2)
  3 bats
  3 frilled lizards
  3 kobolds
  3 rats
41 creatures vanquished.

Notes
Turn   | Place    | Note
-------+----------+-------------------------------------------
     0 | D:1      | greenreed the Gnoll Transmuter began the quest for the Orb.
     0 | D:1      | Reached XP level 1. HP: 17/17 MP: 6/6
   589 | D:1      | Found Zagyaloi's Distillery.
   655 | D:1      | Reached XP level 2. HP: 23/23 MP: 7/7
   818 | D:2      | Found Boitug's Antique Armour Boutique.
   904 | D:2      | Noticed Natasha
   906 | D:2      | Killed Natasha
   907 | D:2      | Reached skill level 5 in Spellcasting
   907 | D:2      | Reached skill level 1 in Invocations
   907 | D:2      | Reached XP level 3. HP: 28/28 MP: 7/9
   961 | D:2      | Reached skill level 1 in Short Blades
   961 | D:2      | Reached skill level 1 in Long Blades
   961 | D:2      | Reached skill level 1 in Axes
   961 | D:2      | Reached skill level 1 in Maces & Flails
   961 | D:2      | Reached skill level 1 in Polearms
   961 | D:2      | Reached skill level 1 in Staves
   961 | D:2      | Reached skill level 1 in Slings
   961 | D:2      | Reached skill level 1 in Bows
   961 | D:2      | Reached skill level 1 in Crossbows
   961 | D:2      | Reached skill level 1 in Throwing
   961 | D:2      | Reached skill level 1 in Armour
   961 | D:2      | Reached skill level 1 in Stealth
   961 | D:2      | Reached skill level 1 in Shields
   961 | D:2      | Reached skill level 1 in Evocations
  1090 | D:2      | Reached XP level 4. HP: 26/34 MP: 11/11
  1406 | D:2      | Noticed Natasha
  1408 | D:2      | Killed Natasha
  1418 | D:2      | Reached skill level 1 in Conjurations
  1418 | D:2      | Reached skill level 1 in Hexes
  1418 | D:2      | Reached skill level 1 in Summonings
  1418 | D:2      | Reached skill level 1 in Necromancy
  1418 | D:2      | Reached skill level 1 in Translocations
  1418 | D:2      | Reached skill level 1 in Fire Magic
  1418 | D:2      | Reached skill level 1 in Ice Magic
  1418 | D:2      | Reached skill level 1 in Air Magic
  1418 | D:2      | Reached skill level 1 in Earth Magic
  1418 | D:2      | Reached skill level 1 in Poison Magic
  1786 | D:2      | Noticed Natasha
  1796 | D:2      | Killed Natasha
  1819 | D:3      | Reached XP level 5. HP: 34/40 MP: 12/12
  2035 | D:3      | Killed from afar by an orc priest

Illustrated notes

Levels and vault maps discovered:
D:1:      onia_arrival_mini_maze_b, layout_basic, serial_shops,
          nicolae_square_shop
D:2:      layout_basic, serial_shops, nicolae_shop_behind_doors, uniq_natasha
D:3:      layout_basic, ebering_ecumenical_altar_ruins, serial_shops, shop

Skill      XL: |  1  2  3  4 |
---------------+-------------+-----
Spellcasting   | 5 |  5.1
Invocations    | 1 |  1.5
Short Blades   | 1 |  1.4
Long Blades    | 1 |  1.4
Axes           | 1 |  1.4
Maces & Flails | 1 |  1.4
Polearms       | 1 |  1.4
Staves         | 1 |  1.4
Slings         | 1 |  1.4
Bows           | 1 |  1.4
Crossbows      | 1 |  1.4
Throwing       | 1 |  1.4
Armour         | 1 |  1.4
Stealth        | 1 |  1.4
Shields        | 1 |  1.4
Evocations     | 1 |  1.4
Conjurations   | 1 |  1.1
Hexes          | 1 |  1.1
Summonings     | 1 |  1.1
Necromancy     | 1 |  1.1
Translocations | 1 |  1.1
Fire Magic     | 1 |  1.1
Ice Magic      | 1 |  1.1
Air Magic      | 1 |  1.1
Earth Magic    | 1 |  1.1
Poison Magic   | 1 |  1.1
Fighting       | |  2.9
Dodging        | |  4.7
Unarmed Combat | |  6.6
Transmutations | |  3.9

Action                   |  1- 3 |  4- 6 || total
-------------------------+-------+-------++-------
Melee: Unarmed           |     7 |       ||     7
       Kick              |     1 |     5 ||     6
       Dagger            |     9 |    35 ||    44
       Bite              |     1 |     3 ||     4
       Punch             |     1 |       ||     1
       Headbutt          |       |     4 ||     4
 Fire: Longbow           |    34 |    11 ||    45
       Hunting sling     |       |    20 ||    20
 Cast: Beastly Appendage |     2 |     3 ||     5
Armor: Robe              |     6 |     4 ||    10
Dodge: Dodged            |    25 |    28 ||    53

Table legend: (Time is in decaauts)
 A = Elapsed time spent in this place.
 B = Non-inter-level travel time spent in this place.
 C = Inter-level travel time spent in this place.
 D = Time resting spent in this place.
 E = Time spent auto-exploring this place.
 F = Levels seen in this place.
 G = Mean time per level.
                   A        B        C        D        E       F      G
               +--------+--------+--------+--------+--------+-----+--------+
         Total |   2067 |   1946 |    121 |    254 |   1378 |   3 |  689.0 |
       Dungeon |   2067 |   1946 |    121 |    254 |   1378 |   3 |  689.0 |
               +--------+--------+--------+--------+--------+-----+--------+

Top non-repeatable levels by time:
     D:2: 1080 daAuts
     D:1: 763 daAuts
     D:3: 224 daAuts
